 Dungeon Crawl Stone Soup version 0.32-a0-41-gec2d92a32c (webtiles) character file.

Game seed: 2832761151410478171

4178 pokeman the Thaumaturge (level 10, -8/56 HPs)
             Began as a Deep Elf Hedge Wizard on Jan 26, 2024.
             Was a Follower of Vehumet.
             Mangled by an orc warlord
             ... wielding a +9 broad axe
              (38 damage)
             ... in a bailey.
             The game lasted 00:22:51 (10382 turns).

pokeman the Thaumaturge (Deep Elf Hedge Wizard)    Turns: 10382, Time: 00:22:52

Health: -8/56      AC:  7    Str:  7    XL:     10   Next: 8%
Magic:  11/29      EV: 12    Int: 24    God:    Vehumet [*.....]
Gold:   1413       SH:  0    Dex: 14    Spells: 27/36 levels left

rFire   . . .        G - +7 dagger of Laceration {protect, rPois rN+}
rCold   + . .        (no shield)
rNeg    + . .        c - +2 leather armour {rC+}
rPois   +            u - +0 helmet
rElec   .            (no cloak)
rCorr   .            (no gloves)
SInv    .            t - +0 pair of boots {rampage}
Will    +....        (no amulet)
Stlth   ++           n - ring of poison resistance
HPRegen 0.29/turn    (no ring)
MPRegen 0.21/turn

%: rampage
@: no status effects
A: no striking features
a: Renounce Religion


You were in a bailey.
You worshipped Vehumet.
Vehumet was aware of your devotion.
You visited 2 branches of the dungeon, and saw 9 of its levels.
You also visited: Bailey.

You collected 1413 gold pieces.

Inventory:

Hand Weapons
 b - the +2 mace "Repro" {flame, rPois rF+ Will+ Int+3}
   (You found it on level 4 of the Dungeon)

   Int+3:     It affects your intelligence (+3).
   rF+:       It protects you from fire.
   rPois:     It protects you from poison Will+: It increases your willpower.
 G - the +7 dagger of Laceration (weapon) {protect, rPois rN+}
   (You found it on level 7 of the Dungeon)

   rPois:     It protects you from poison rN+: It protects you from negative
   energy.
Missiles
 H - a throwing net
Armour
 c - a +2 leather armour of cold resistance (worn)
 t - a +0 pair of boots of rampaging (worn)
 u - a +0 helmet (worn)
 A - an orb of energy
 C - a +0 kite shield
Jewellery
 n - a ring of poison resistance (left hand)
 D - a ring of ice
Wands
 z - a wand of flame (11)
 E - a wand of charming (4)
Scrolls
 a - 2 scrolls of noise {unknown}
 f - 9 scrolls of teleportation {unknown}
 g - 7 scrolls of identify {unknown}
 k - 2 scrolls of revelation {unknown}
 q - 2 scrolls of immolation {unknown}
 r - 2 scrolls of brand weapon {unknown}
 s - 3 scrolls of enchant weapon {unknown}
 v - 5 scrolls of blinking
 x - a scroll of fear {unknown}
 y - 3 scrolls of enchant armour {unknown}
 F - a scroll of amnesia {unknown}
 I - a scroll of butterflies {unknown}
 K - a scroll of fog {unknown}
 M - a scroll of acquirement
Potions
 d - 2 potions of magic
 e - 5 potions of curing {unknown}
 h - 2 potions of brilliance {unknown}
 i - 3 potions of might {unknown}
 j - a potion of enlightenment {unknown}
 l - 2 potions of ambrosia {unknown}
 m - a potion of resistance {unknown}
 o - 4 potions of mutation {unknown}
 p - a potion of lignification {unknown}
 w - 7 potions of heal wounds {unknown}
 B - a potion of berserk rage {unknown}
 J - a potion of haste {unknown}
Miscellaneous
 L - a phantom mirror


   Skills:
 + Level 3.6 Fighting
 - Level 4.0 Armour
 - Level 3.0 Dodging
 - Level 3.0 Stealth
 - Level 1.1 Shields
 * Level 13.5 Spellcasting
 + Level 7.7 Conjurations
 - Level 1.1 Summonings
 - Level 1.1 Translocations
 + Level 1.2 Fire Magic
 - Level 1.1 Air Magic
 - Level 1.1 Alchemy
 - Level 2.1 Evocations


You had 27 spell levels left.
You knew the following spells:

 Your Spells              Type           Power      Damage    Failure   Level
a - Magic Dart            Conj           100%       1d8       1%          1
b - Mephitic Cloud        Conj/Alch/Air  32%        N/A       4%          3
c - Call Imp              Summ           42%        N/A       5%          2
d - Blink                 Tloc           42%        N/A       5%          2
e - Foxfire               Conj/Fire      100%       2x1d9     1%          1

Your spell library contained the following spells:

 Spells                   Type           Power      Damage    Failure   Level
 Hailstorm                Conj/Ice       34%        3d8       3%          3
 Freeze                   Ice            64%        1d7       5%          1
 Necrotise                Necr           64%        1d7       5%          1
 Slow                     Hex            64%        N/A       5%          1
 Cigotuvi's Dreadful Rot  Necr/Alch/Air  38%        N/A       6%          2
 Call Canine Familiar     Summ           21%        N/A       11%         3
 Frozen Ramparts          Ice            32%        1d5       16%         3
 Sigil of Binding         Hex            16%        N/A       16%         3
 Vampiric Draining        Necr           16%        2d7       16%         3
 Dimensional Bullseye     Hex/Tloc       9%         N/A       38%         4
 Martyr's Knell           Necr/Summ      18%        N/A       38%         4
 Summon Forest            Summ/Tloc      10%        N/A       67%         5
 Curse of Agony           Necr           16%        N/A       83%         5
 Eringya's Noxious Bog    Alch           10%        4d6       99%         6
 Haunt                    Necr/Summ      9%         N/A       100%        7
 Summon Hydra             Summ           10%        N/A       100%        7
 Borgnjor's Revivificati  Necr           8%         N/A       100%        8
 Death's Door             Necr           8%         N/A       100%        9


Dungeon Overview and Level Annotations

Branches:
Dungeon (8/15)             Temple (1/1) D:7          Bailey (1/1)
   Lair: D:8-11

Altars:
Cheibriados
Dithmenos
Elyvilon
Fedhas
Gozag
Hepliaklqana
Kikubaaqudgha
Makhleb
Nemelex Xobeh
Okawaru
Qazlal
Ru
Sif Muna
Trog
Uskayaw
Vehumet
Xom
Yredelemnul
Zin

Portals:
Abyss: D:4

Annotations:
D:4 2 transporters, Splishie's ghost, novice GnWn


Message History

Confirm with . or Enter, or press ? or * to list all spells.
You conjure some foxfire!
The orc warlord is engulfed in noxious fumes.
The foxfire hits the orc warlord but does no damage.
The orc warlord is heavily wounded.
Unknown command.
Casting: Foxfire (safe; 1% risk of failure)
Confirm with . or Enter, or press ? or * to list all spells.
You conjure some foxfire!
The foxfire hits the orc warlord but does no damage.
The orc warlord is heavily wounded.
Unknown command.
Casting: Foxfire (safe; 1% risk of failure)
Confirm with . or Enter, or press ? or * to list all spells.
You conjure some foxfire!
The foxfire hits the orc warlord!
The orc warlord is heavily wounded.
The orc warlord is engulfed in noxious fumes.
The orc warlord hits you with a +9 broad axe!
The orc warlord hits your foxfire with a +9 broad axe!!
Casting: Foxfire (safe; 1% risk of failure)
Confirm with . or Enter, or press ? or * to list all spells.
You conjure some foxfire!
The foxfire hits the orc warlord.
The orc warlord is heavily wounded.
The foxfire hits the orc warlord but does no damage.
The orc warlord is heavily wounded.
The orc warlord is engulfed in noxious fumes.
The orc warlord barely misses you.
The orc warlord hits your foxfire with a +9 broad axe!
The orc warlord hits your foxfire with a +9 broad axe!!
Casting: Foxfire (safe; 1% risk of failure)
Confirm with . or Enter, or press ? or * to list all spells.
You conjure some foxfire!
The foxfire hits the orc warlord!
The orc warlord is severely wounded.
The foxfire hits the orc warlord.
The orc warlord is severely wounded.
The orc warlord is engulfed in noxious fumes.
The orc warlord appears confused.
The orc warlord hits you with a +9 broad axe!!!
Ouch! That really hurt!
You die...

#..........'.....'....8.
#...8......#########....
##......####~~~#~~~##(..
##.....#~~#~......~#...
##....#~.........~#...
#...##~8.8...8.8##...
#...'~~.........#....
#..§'~§....∩....#....
#..v@o☼.........#....
#..v##~8.8...8.8##...
##...§#~.........~#...
##.....#~~#~......~#.(.
##......####~~~#~~~##...
#...8......#########...)
#..........'...))')(..8.
#..........#~~~))#..)...
##..8..8...#~~~~~#......


You could see an orc warlord (confused, ally target).

Vanquished Creatures
  Pikel (D:5)
  Joseph (D:7)
  Jeremiah (D:6)
  Menkaure (D:7)
  5 orc warriors (Bailey)
  An ice beast (D:6)
  2 black bears
  An ogre (D:6)
  3 phantoms (D:5)
  4 lemures (D:5)
  A kobold brigand (D:7)
  3 bullfrogs
  A scorpion (D:4)
  2 gnoll sergeants (D:7)
  4 wights (D:7)
  3 electric eels (D:7)
  2 bombardier beetles
  3 centaur zombies (D:7)
  2 jellies
  5 hounds
  2 orc priests
  A gnoll bouda (D:6)
  6 iguanas
  4 orc wizards
  An ogre zombie (D:7)
  A mummy (D:7)
  Robin (D:3)
  14 gnolls
  6 adders
  A shadow imp (D:5)
  2 white imps
  A ribbon worm (D:3)
  10 dart slugs
  28 orcs
  9 endoplasms
  3 giant cockroaches
  22 goblins
  17 hobgoblins
  7 jackals
  3 quokkas
  5 ball pythons
  10 bats
  3 frilled lizards
  19 kobolds
  5 rats
  2 butterflies (D:4)
229 creatures vanquished.

Vanquished Creatures (collateral kills)
  A sleepcap (D:7)
  An orc wizard (D:6)
2 creatures vanquished.

Vanquished Creatures (others)
  An electric eel (D:7)
  A dart slug (D:7)
  A kobold (D:7)
  81 foxfires (Bailey)
84 creatures vanquished.

Grand Total: 315 creatures vanquished

Notes
Turn   | Place    | Note
-------+----------+-------------------------------------------
     0 | D:1      | pokeman the Deep Elf Hedge Wizard began the quest for the
                  | Orb.
     0 | D:1      | Reached XP level 1. HP: 10/10 MP: 7/7
   228 | D:1      | Reached XP level 2. HP: 15/15 MP: 7/9
   247 | D:1      | You fall into a shaft and drop 1 floor!
   685 | D:1      | Reached skill level 5 in Spellcasting
   822 | D:1      | Reached XP level 3. HP: 20/20 MP: 6/11
   826 | D:1      | Learned a level 3 spell: Mephitic Cloud
   829 | D:1      | Learned a level 2 spell: Call Imp
   832 | D:1      | Learned a level 2 spell: Blink
  1587 | D:2      | Reached skill level 1 in Armour
  2229 | D:3      | Reached skill level 1 in Fighting
  2295 | D:3      | Reached XP level 4. HP: 24/25 MP: 9/13
  3205 | D:3      | Reached XP level 5. HP: 29/29 MP: 9/15
  3207 | D:3      | Reached skill level 6 in Spellcasting
  3297 | D:3      | Noticed Robin
  3304 | D:3      | Killed Robin
  3581 | D:4      | Reached skill level 1 in Air Magic
  3581 | D:4      | Reached skill level 1 in Alchemy
  3692 | D:4      | Found a stormy altar of Qazlal.
  3712 | D:4      | Identified the +2 mace "Repro" {flame, rPois rF+ Will+
                  | Int+3}
  3773 | D:4      | Found a one-way gate to the infinite horrors of the Abyss.
  3773 | D:4      | Noticed Splishie's ghost (novice GnWn)
  3773 | D:4      | Noticed a small abomination
  3788 | D:4      | Noticed a small abomination
  3901 | D:4      | Reached XP level 6. HP: 23/34 MP: 10/17
  3947 | D:4      | Found a transporter.
  3977 | D:4      | Reached skill level 7 in Spellcasting
  4033 | D:4      | Found a transporter.
  4494 | D:4      | Found a shimmering altar of Xom.
  4756 | D:5      | Entered Level 5 of the Dungeon
  5242 | D:5      | Reached XP level 7. HP: 30/40 MP: 1/20
  5365 | D:5      | Found a snail-covered altar of Cheibriados.
  5381 | D:5      | Reached skill level 8 in Spellcasting
  5530 | D:5      | Noticed Pikel
  5885 | D:5      | Found a sacrificial altar of Ru.
  5984 | D:5      | Killed Pikel
  5985 | D:5      | Reached skill level 9 in Spellcasting
  5985 | D:5      | Reached skill level 5 in Conjurations
  5985 | D:5      | Reached XP level 8. HP: 16/44 MP: 5/23
  6342 | D:5      | Reached skill level 10 in Spellcasting
  6885 | D:6      | Reached skill level 11 in Spellcasting
  7324 | D:6      | Noticed Jeremiah
  7346 | D:6      | Killed Jeremiah
  7347 | D:6      | Reached XP level 9. HP: 25/48 MP: 18/26
  7726 | D:7      | Noticed Joseph
  7877 | D:7      | Reached skill level 12 in Spellcasting
  8628 | D:7      | Found a glowing silver altar of Zin.
  9140 | D:7      | Found a hazy altar of Hepliaklqana.
  9187 | D:7      | Killed Joseph
  9188 | D:7      | Reached skill level 1 in Shields
  9188 | D:7      | Reached skill level 13 in Spellcasting
  9188 | D:7      | Reached skill level 1 in Evocations
  9279 | D:7      | Found a staircase to the Ecumenical Temple.
  9285 | D:7      | Identified the +7 dagger of Laceration {protect, rPois rN+}
  9289 | Temple   | Entered the Ecumenical Temple
  9296 | Temple   | Became a worshipper of Vehumet
  9537 | D:7      | Found a shimmering blue altar of Sif Muna.
  9543 | D:7      | Found a basalt altar of Yredelemnul.
  9630 | D:7      | Found a bloodstained altar of Trog.
  9650 | D:7      | Noticed Menkaure
  9659 | D:7      | Killed Menkaure
  9878 | D:8      | Found a flagged portal.
  9890 | Bailey   | Entered a bailey
  9996 | Bailey   | Noticed an orc warlord
 10004 | Bailey   | Reached * piety under Vehumet
 10004 | Bailey   | Offered knowledge of Foxfire by Vehumet.
 10007 | Bailey   | Learned a level 1 spell: Foxfire
 10070 | Bailey   | Reached XP level 10. HP: 56/56 MP: 16/29
 10092 | Bailey   | Reached skill level 1 in Fire Magic
 10230 | Bailey   | Found a runed translucent gate.
 10233 | Bailey   | Found a runed translucent gate.
 10235 | Bailey   | Found a runed translucent gate.
 10311 | Bailey   | Acquired 859 gold pieces
 10382 | Bailey   | Mangled by an orc warlord

Illustrated notes

Levels and vault maps discovered:
D:1:      amcnicky_arrival_single_pillar, layout_rooms,
          chequers_serial_rivers_room_b, minmay_strange_pillars
D:2:      kennysheep_big_flooded_room, layout_basic, serial_rivers,
          chequers_serial_rivers_micro_c, chequers_serial_rivers_room_b,
          chequers_serial_rivers_marsh, chequers_serial_rivers_micro_b,
          serial_bayou_lake_a
D:3:      layout_loops_corners, uniq_robin
D:4:      layout_basic, xom_butterflies, kennysheep_mini,
          gammafunk_ghost_abyssal_escape, st_stairs_11
D:5:      wad_lake_hut, layout_basic, old_standard_altar, marbit_many_paths,
          uniq_pikel
D:6:      layout_cave_pools, uniq_jeremiah
D:7:      kennysheep_slugbush, layout_loops_ring, trog_hazing_becter,
          lemuel_doored_altar, lemuel_tele_altar, minitemple,
          minmay_mini_ossuary, uniq_menkaure, uniq_joseph
D:8:      layout_rooms, mainiacjoe_overflow_chevrons, enter_bailey_5,
          minmay_fractal_squares_gapless_5, uniq_maggie, uniq_prince_ribbit1
Temple:   nicolae_temple_bog_church
Bailey:   bailey_axe_bossmonster_kennysheep, bailey

Skill      XL: |  1  2  3  4  5  6  7  8  9 10 |
---------------+-------------------------------+-----
Spellcasting   | 5 6 7 9 11 13 | 13.5
Armour         | 1 2 3 4 |  4.0
Conjurations   | 2 3 5 6 7 |  7.7
Fighting       | 1 2 3 |  3.6
Stealth        | 3 |  3.0
Dodging        | 3 |  3.0
Air Magic      | 1 |  1.1
Alchemy        | 1 |  1.1
Shields        | 1 |  1.1
Evocations     | 2 |  2.1
Fire Magic     | 1 |  1.2
Summonings     | |  1.1
Translocations | |  1.1

Action                     |  1- 3 |  4- 6 |  7- 9 | 10-12 || total
---------------------------+-------+-------+-------+-------++-------
  Melee: Dagger            |    12 |    25 |    18 |     6 ||    61
         Hand axe          |       |    25 |       |       ||    25
         Mace              |       |    41 |   182 |       ||   223
         Punch             |       |       |     2 |       ||     2
   Cast: Magic Dart        |   101 |   138 |   334 |       ||   573
         Mephitic Cloud    |     1 |    12 |    35 |     6 ||    54
         Call Imp          |       |       |     7 |       ||     7
         Foxfire           |       |       |    15 |    31 ||    46
         Blink             |       |       |     1 |       ||     1
    Use: Scroll            |       |       |       |     1 ||     1
   Stab: Confused          |     1 |    13 |    14 |       ||    28
         Sleeping          |       |       |     1 |       ||     1
 Armour: Robe              |    12 |    18 |       |       ||    30
         Leather armour    |       |    34 |   198 |    13 ||   245
  Dodge: Dodged            |    13 |    62 |   166 |     6 ||   247

Table legend: (Time is in decaauts)
 A = Elapsed time spent in this place.
 B = Non-inter-level travel time spent in this place.
 C = Inter-level travel time spent in this place.
 D = Time resting spent in this place.
 E = Time spent auto-exploring this place.
 F = Levels seen in this place.
 G = Mean time per level.
                   A        B        C        D        E       F      G
               +--------+--------+--------+--------+--------+-----+--------+
         Total |  10565 |  10313 |    252 |    674 |   7815 |  10 | 1056.5 |
       Dungeon |  10047 |   9801 |    246 |    665 |   7513 |   8 | 1255.9 |
        Temple |     15 |      9 |      6 |      0 |      0 |   1 |   15.0 |
        Bailey |    502 |    502 |      0 |      9 |    302 |   1 |  502.0 |
               +--------+--------+--------+--------+--------+-----+--------+

Top non-repeatable levels by time:
     D:5: 1953 daAuts
     D:7: 1726 daAuts
     D:6: 1559 daAuts
     D:3: 1531 daAuts
     D:4: 1216 daAuts
     D:1: 1078 daAuts
     D:2: 968 daAuts
  Bailey: 502 daAuts
  Temple: 15 daAuts
     D:8: 15 daAuts
